 Dungeon Crawl Stone Soup version 0.20.1-1-g8b1a95d (webtiles) character file.

144 Irenicus the Grave Robber (level 5, -6/42 HPs)
             Began as a Deep Dwarf Necromancer on Nov 1, 2017.
             Hit by a stone thrown by an orc warrior (13 damage)
             ... on level 3 of the Dungeon.
             The game lasted 00:06:39 (2245 turns).

Irenicus the Grave Robber (Deep Dwarf Necromancer)  Turns: 2245, Time: 00:06:40

Health: -6/42      AC:  8    Str: 11    XL:     5   Next: 5%
Magic:  2/8        EV: 12    Int: 16    God:
Gold:   166        SH:  6    Dex: 14    Spells: 4/8 levels left

rFire    . . .     SeeInvis .   g - +0 short sword
rCold    . . .     Gourm    .   f - +1 buckler {AC+3}
rNeg     . . .     Faith    .   k - +0 leather armour (curse)
rPois    .         Spirit   .   v - +0 helmet
rElec    .         Reflect  .   (no cloak)
rCorr    .         Harm     .   (no gloves)
MR       .....                  u - +0 pair of boots
Stlth    ++........             (no amulet)
Regen    0.0/turn               (no ring)
MPRegen  0.2/turn               (no ring)

@: very slightly contaminated, non-regenerating
A: damage resistance, heal wounds, sense surroundings 1, no regeneration
a: Heal Wounds


You were on level 3 of the Dungeon.
You were hungry.

You visited 1 branch of the dungeon, and saw 3 of its levels.

You collected 166 gold pieces.

Inventory:

Hand Weapons
 g - a +0 short sword (weapon)
Armour
 a - a +0 robe
 f - a +1 buckler of protection (worn)
 k - a cursed +0 leather armour (worn)
 u - a +0 pair of boots (worn)
 v - a +0 helmet (worn)
Jewellery
 o - an uncursed amulet of rage {unknown}
Scrolls
 e - a scroll of identify {unknown}
 j - 2 scrolls of enchant weapon {unknown}
 l - 3 scrolls of remove curse {unknown}
 m - 3 scrolls of teleportation {unknown}
Potions
 d - a potion of curing
 h - a potion of haste {unknown}
 i - a potion of might {unknown}
 n - a potion of magic {unknown}
 q - a potion of ambrosia {unknown}
 r - a potion of heal wounds {unknown}
 s - a potion of invisibility {unknown}
Books
 b - a book of Necromancy

   Spells                             Type                      Level
   a - Pain                           Necromancy                   1
   b - Animate Skeleton               Necromancy                   1
   c - Vampiric Draining              Necromancy                   3
   d - Regeneration                   Charms/Necromancy            3
   e - Animate Dead                   Necromancy                   4
   f - Control Undead                 Necromancy                   4
Comestibles
 c - 4 bread rations
 p - a royal jelly
 t - 2 meat rations


   Skills:
 - Level 2.1 Dodging
 - Level 2.4 Stealth
 + Level 4.4 Shields
 - Level 2.0 Spellcasting
 - Level 5.0 Necromancy


You had 4 spell levels left.
You knew the following spells:

 Your Spells              Type           Power        Failure   Level  Hunger
a - Pain                  Necr           ###.         3%          1    #......
b - Vampiric Draining     Necr           ###.......   11%         3    ###....


Dungeon Overview and Level Annotations

Branches:
Dungeon (3/15)

Altars:


Innate Abilities, Weirdness & Mutations

You are resistant to damage.
You can heal yourself by infusing magical energy.
You passively map a small area around you.
You do not regenerate.


Message History

Aiming: Pain
Press: ? - help, Shift-Dir - straight line, f/p - orc warrior
Aim: an orc warrior, wielding a glaive and wearing a plate armour (moderately wounded, chance to defeat MR: 76%)
The orc warrior writhes in agony!
The orc warrior hits you with a glaive!!
It was a potion of curing.
You feel better.
You closely miss the orc warrior.
The orc warrior is moderately wounded.
The orc warrior closely misses you.
You barely miss the orc warrior.
The orc warrior is moderately wounded.
The orc warrior barely misses you.
You hit the orc warrior but do no damage.
The orc warrior is moderately wounded.
The orc warrior hits you with a glaive!
The orc warrior hits you from afar with a glaive!
* * * LOW HITPOINT WARNING * * *
There is an open door here.
The orc warrior throws a stone.
The stone hits you!
You die...

.........#.####.##+#.#...# *
*#.....#.#).#.#..#.#...#######
#.#..[#.#..'.'..#.#........†.
* #...#.#+##)####.#..########
,,,#...#.o.........#.## ## *
##..#.#'##.####.#.# #.
#..#.#..#.#.⌠#.#.# #.
#.####.o#o#..'.'..#.#.# #.
........#.####@####.#.# #.
#...>...........[.).#.# #.
........############### #.
#.#.####. #..######.# #> #,#.*
. #.......#.# #. * #
.###.####.#.# #. , *.# #.#
#.#.##########. *, , .# #.#
#....<.........
##.####.......#######


You could see an orc warrior.

Vanquished Creatures
  An orc wizard (D:3)
  A worker ant (D:3)
  2 adders
  A worm (D:2)
  A dart slug (D:3)
  3 leopard geckos
  2 orcs (D:3)
  4 ball pythons
  5 goblins
  7 hobgoblins
  10 jackals
  A quokka (D:2)
  8 bats
  4 frilled lizards
  6 kobolds
  5 rats
61 creatures vanquished.

Notes
Turn   | Place    | Note
-------+----------+-------------------------------------------
     0 | D:1      | Irenicus the Deep Dwarf Necromancer began the quest for the Orb.
     0 | D:1      | Reached XP level 1. HP: 15/15 MP: 3/3
   133 | D:1      | Reached XP level 2. HP: 20/22 MP: 2/4
   299 | D:1      | Reached skill level 5 in Necromancy
   369 | D:1      | Reached skill level 1 in Shields
   916 | D:1      | Reached XP level 3. HP: 26/28 MP: 4/6
  1211 | D:2      | Learned a level 3 spell: Vampiric Draining
  1337 | D:2      | Found a faded altar of an unknown god.
  1652 | D:3      | Noticed an orc warrior
  1678 | D:3      | Reached XP level 4. HP: 24/36 MP: 0/7
  2095 | D:3      | Reached XP level 5. HP: 33/42 MP: 1/8
  2245 | D:3      | Hit by a stone thrown by an orc warrior

Skill      XL: |  1  2  3  4 |
---------------+-------------+-----
Spellcasting   | 2 |  2.0
Necromancy     | 5 |  5.0
Shields        | 1 3 4 |  4.4
Dodging        | |  2.1
Stealth        | |  2.4

Action                   |  1- 3 |  4- 6 || total
-------------------------+-------+-------++-------
Melee: Short sword       |    54 |    32 ||    86
       Unarmed           |     4 |       ||     4
 Cast: Pain              |    61 |    18 ||    79
       Vampiric Draining |       |     6 ||     6
  Use: Potion            |       |     1 ||     1
 Stab: Sleeping          |     5 |     4 ||     9
       Distracted        |       |     1 ||     1
  Eat: Chunk             |     3 |     3 ||     6
Armor: Robe              |     4 |       ||     4
       Leather armour    |    21 |    10 ||    31
Dodge: Dodged            |    42 |    10 ||    52
Block: Buckler           |    19 |    10 ||    29
